 Dungeon Crawl Stone Soup version 0.21-a0-369-g397cdb2 (webtiles) character file.

14430 Klosterheim the Destroyer (level 11, -6/54 HPs)
             Began as a Deep Elf Conjurer on Oct 15, 2017.
             Was a High Priest of Sif Muna.
             Splashed by an oklob plant's acid (11 damage)
             ... on level 10 of the Dungeon.
             The game lasted 00:52:46 (16500 turns).

Klosterheim the Destroyer (Deep Elf Conjurer)      Turns: 16500, Time: 00:52:49

Health: -6/54      AC:  1    Str:  5    XL:     11   Next: 88%
Magic:  32/38      EV: 21    Int: 24    God:    Sif Muna [*****.]
Gold:   778        SH:  0    Dex: 15    Spells: 12/34 levels left

rFire    . . .     SeeInvis .   i - +2 dagger (venom)
rCold    . . .     Gourm    .   (no shield)
rNeg     . . .     Faith    .   k - +2 robe {MR+}
rPois    .         Spirit   .   g - +1 helmet
rElec    .         Reflect  .   y - +0 cloak
rCorr    .         Harm     .   A - +0 pair of gloves
MR       ++...                  K - +0 pair of boots
Stlth    ++........             n - amulet of regeneration
HPRegen  0.58/turn              G - ring of magical power
MPRegen  0.26/turn              m - +3 ring of evasion

@: corroded, divine energy, very slow
A: no striking features
a: Stop Divine Energy, Channel Magic, Forget Spell, Renounce Religion


You were on level 10 of the Dungeon.
You worshipped Sif Muna.
Sif Muna was extremely pleased with you.
You were hungry.

You visited 2 branches of the dungeon, and saw 11 of its levels.
You also visited: Bailey.

You collected 895 gold pieces.
You spent 117 gold pieces at shops.

Inventory:

Hand Weapons
 i - a +2 dagger of venom (weapon)
Armour
 g - a +1 helmet (worn)
 k - a +2 robe of magic resistance (worn)
 y - a +0 cloak (worn)
 A - a +0 pair of gloves (worn)
 K - a +0 pair of boots (worn)
Magical Staves
 F - an uncursed staff of summoning
Jewellery
 m - a +3 ring of evasion (right hand)
 n - an amulet of regeneration (around neck)
 G - a ring of magical power (left hand)
Wands
 d - a wand of lightning (8/15)
 s - a wand of polymorph (5/24)
 w - a wand of random effects (19/48)
 B - a wand of polymorph (18/24)
 C - a wand of confusion (18/48)
 D - a wand of random effects (24/48)
 M - a wand of disintegration (11/24)
Scrolls
 a - 4 scrolls of blinking
 f - a scroll of teleportation
 h - 6 scrolls of identify
 t - 2 scrolls of remove curse
 v - 3 scrolls of fear
 x - 4 scrolls of amnesia
Potions
 b - a potion of lignification {unknown}
 e - 6 potions of flight
 l - a potion of might
 o - a potion of invisibility
 p - 2 potions of curing
 r - 2 potions of mutation
 I - a potion of berserk rage {unknown}
 L - 2 potions of haste {unknown}
Books
 E - a book of Fire

   Spells                             Type                      Level
   a - Ignite Poison                  Fire/Transmutation/Poison    3
   b - Fireball                       Conjuration/Fire             5
   c - Bolt of Fire                   Conjuration/Fire             6
   d - Ring of Flames                 Charms/Fire                  7
   e - Ignition                       Fire                         8
 H - Iskenderun's Compendium of Nocuous Attacks
   (Sif Muna gifted it to you on level 9 of the Dungeon)

   Spells                             Type                      Level
   a - Mephitic Cloud                 Conjuration/Poison/Air       3
   b - Conjure Flame                  Conjuration/Fire             3
   c - Iskenderun's Mystic Blast      Conjuration                  4
   d - Irradiate                      Conjuration/Transmutation    5
   e - Bolt of Fire                   Conjuration/Fire             6
   f - Conjure Ball Lightning         Conjuration/Air              6
   g - Lehudib's Crystal Spear        Conjuration/Earth            8
 J - a book of Maledictions

   Spells                             Type                      Level
   a - Corona                         Hexes                        1
   b - Ensorcelled Hibernation        Hexes/Ice                    2
   c - Confuse                        Hexes                        3
   d - Tukima's Dance                 Hexes                        3
   e - Dazzling Spray                 Conjuration/Hexes            3
Miscellaneous
 j - a lightning rod (4/4)
Comestibles
 c - 8 bread rations
 q - 7 royal jellies
 u - 3 meat rations


   Skills:
 - Level 8.5 Dodging
 - Level 5.0 Stealth
 + Level 12.2 Spellcasting
 + Level 13.6 Conjurations
 - Level 4.2 Charms
 - Level 5.7 Transmutations
 * Level 7.1 Fire Magic


You had 12 spell levels left.
You knew the following spells:

 Your Spells              Type           Power        Failure   Level  Hunger
a - Magic Dart            Conj           ####         0%          1    None
b - Iskenderun's Mystic   Conj           ######..     1%          4    None
c - Dazzling Spray        Conj/Hex       #####.       1%          3    None
d - Fulminant Prism       Conj/Hex       #####.....   2%          4    None
e - Shroud of Golubria    Chrm/Tloc      ###.......   2%          2    None
f - Spider Form           Tmut/Pois      ####......   3%          3    None
g - Fireball              Conj/Fire      ######....   1%          5    ###....


Dungeon Overview and Level Annotations

Branches:
Dungeon (10/15)            Temple (1/1) D:5             Orc (0/2) D:10
   Lair: D:8-11

Altars:
Cheibriados
Fedhas
Gozag
Kikubaaqudgha
Okawaru
Sif Muna
Zin
The Shining One
Beogh

Shops:
D:5 *

Annotations:
D:10 exclusion: oklob plant


Message History

Confirm with . or Enter, or press ? or * to list all spells.
Aiming: Magic Dart
Press: ? - help, Shift-Dir - straight line, f/p - oklob plant
Aim: an oklob plant (lightly damaged)
The magic dart hits the oklob plant.
The oklob plant is lightly damaged.
The oklob plant spits acid at you. The splash of acid hits you!
You are splashed with acid!
The acid burns!
Casting: Magic Dart
Confirm with . or Enter, or press ? or * to list all spells.
Aiming: Magic Dart
Press: ? - help, Shift-Dir - straight line, f/p - oklob plant
Aim: an oklob plant (lightly damaged)
The magic dart hits the oklob plant.
The oklob plant is lightly damaged.
The oklob plant spits acid at you. The splash of acid hits you!
* * * LOW HITPOINT WARNING * * *
The acid corrodes you!
You are splashed with acid!
The acid burns!
You die...

####..# PP.PP.......PPPPPP##
......# .#.P..≈≈≈≈≈..P#P##P#
......#P #PP..≈≈≈≈≈≈≈..P#.PP#
......#P PP..≈≈≈≈≈≈≈≈≈..PPP.#
......#PP##.≈≈≈≈≈≈≈≈≈≈≈..PP.#
......##PP..≈≈≈≈...≈≈≈≈.PPP##
.....##.PP#.≈≈≈≈._.≈≈≈≈..P.P#
.....##P.P#.≈≈≈≈...≈≈≈≈.PP..#
###''##PPPP.≈≈≈≈@.≈≈≈≈≈.PP###
......#.#PP..≈≈≈≈.≈≈≈≈..PPPP#
......##PPPP..≈≈≈.≈≈≈...PPP##
.######PPPPPP..≈≈.≈≈..PPPPPP#
.# ##PPPP.P.......P#PP#P## .#
#%.#.PPPP.P#P###PPP.# .#
#.P.%.%PPPP.PP.P##.#PP# .#


##PP%P#PPP#PP##PPP.PP## .# #PPPP#.#PPP#PPPPPPPP.P You could see an oklob plant.

Vanquished Creatures
  Gastronok (D:7)
  2 two-headed ogres (D:9)
  The ghost of theanonym the Fighter, a journeyman GrBe of Trog (D:9)
  An unseen horror (D:10)
  Pikel (D:8)
  A deep elf mage (D:10)
  Psyche (D:9)
  2 trolls
  Grinder (D:3)
  A hippogriff (D:10)
  2 hogs (D:8)
  A human (D:8)
  9 yaks
  3 hungry ghosts
  Grum (D:8)
  A steam dragon (D:9)
  Edmund (D:6)
  Duvessa (D:4)
  3 sky beasts
  10 orc warriors
  A black bear (D:10)
  4 ice beasts
  3 ogres
  3 slaves
  2 wolves
  2 necrophages
  2 phantoms
  3 centaurs
  A big kobold (D:9)
  5 bullfrogs
  The ghost of tof the Sneak, an amateur SpAs (D:3)
  Blork the orc (D:5)
  A wyvern skeleton (D:8)
  Dowan (D:4)
  4 scorpions
  6 killer bees
  A water moccasin skeleton (D:6)
  2 howler monkeys (D:4)
  3 crimson imps
  A bullfrog zombie (D:5)
  2 centaur zombies
  A jelly (D:10)
  8 orc priests
  A bullfrog skeleton (D:6)
  4 centaur skeletons
  6 hounds
  Crazy Yiuf (D:6)
  A gnoll shaman (D:7)
  8 orc wizards
  4 iguanas
  5 worker ants
  2 hound zombies
  A worker ant zombie (D:10)
  12 gnolls
  9 adders
  2 shadow imps
  3 oozes
  An adder skeleton (D:3)
  2 worms
  3 dart slugs
  9 leopard geckos
  55 orcs
  A ball python (D:4)
  8 bats
  5 giant cockroaches
  14 goblins
  7 hobgoblins
  10 jackals
  3 quokkas
  4 frilled lizards
  A jackal zombie (D:9)
  28 kobolds
  A leopard gecko skeleton (D:5)
  A leopard gecko zombie (D:7)
  7 rats
  2 plants (D:10)
323 creatures vanquished.

Vanquished Creatures (others)
  A slave (D:8)
1 creature vanquished.

Grand Total: 324 creatures vanquished

Notes
Turn   | Place    | Note
-------+----------+-------------------------------------------
     0 | D:1      | Klosterheim the Deep Elf Conjurer began the quest for the Orb.
     0 | D:1      | Reached XP level 1. HP: 10/10 MP: 6/6
   109 | D:1      | Reached XP level 2. HP: 3/15 MP: 0/8
   517 | D:1      | Reached skill level 5 in Conjurations
   719 | D:1      | Reached XP level 3. HP: 19/19 MP: 2/10
  1825 | D:2      | Reached XP level 4. HP: 24/24 MP: 6/12
  2197 | D:3      | Noticed tof's ghost (amateur SpAs)
  2220 | D:3      | Killed tof's ghost
  2220 | D:3      | Reached skill level 6 in Conjurations
  2220 | D:3      | Reached XP level 5. HP: 24/28 MP: 4/14
  2336 | D:3      | Learned a level 4 spell: Iskenderun's Mystic Blast
  2340 | D:3      | Learned a level 3 spell: Dazzling Spray
  2786 | D:3      | Reached skill level 5 in Spellcasting
  2989 | D:3      | Noticed Grinder
  2991 | D:3      | Paralysed by Grinder for 7 turns
  2997 | D:3      | HP: 1/28 [Grinder (2)]
  3002 | D:3      | Paralysed by Grinder for 3 turns
  3428 | D:3      | Paralysed by Grinder for 2 turns
  3433 | D:3      | Paralysed by Grinder for 4 turns
  3696 | D:4      | Reached skill level 7 in Conjurations
  3696 | D:4      | Reached XP level 6. HP: 29/32 MP: 10/16
  3786 | D:4      | Noticed Duvessa
  3790 | D:4      | Noticed Dowan
  3817 | D:5      | Entered Level 5 of the Dungeon
  3822 | D:5      | Found Husiecy's Assorted Antiques.
  3975 | D:5      | Bought a glowing robe for 92 gold pieces
  3975 | D:5      | Bought a scroll labeled NUKYCUMIET for 25 gold pieces
  4204 | D:5      | Found a staircase to the Ecumenical Temple.
  4214 | Temple   | Entered the Ecumenical Temple
  4220 | Temple   | Became a worshipper of Sif Muna the Loreminder
  4387 | D:5      | Noticed Blork the orc
  4393 | D:5      | Killed Blork the orc
  4571 | D:5      | Reached skill level 8 in Conjurations
  4571 | D:5      | Reached XP level 7. HP: 36/36 MP: 9/18
  4881 | D:4      | Killed Dowan
  4964 | D:4      | Killed Duvessa
  4964 | D:4      | Reached * piety under Sif Muna
  5089 | D:4      | Noticed a hungry ghost
  5095 | D:4      | You fall through a shaft for 2 floors!
  5100 | D:6      | Reached skill level 9 in Conjurations
  5140 | D:6      | Found a glowing golden altar of the Shining One.
  5144 | D:6      | Noticed Edmund
  5831 | D:4      | Killed a hungry ghost
  5831 | D:4      | Reached XP level 8. HP: 41/41 MP: 0/21
  6429 | D:3      | Killed Grinder
  6429 | D:3      | Reached ** piety under Sif Muna
  6429 | D:3      | Reached skill level 10 in Conjurations
  6671 | D:3      | Learned a level 4 spell: Fulminant Prism
  6677 | D:3      | Learned a level 2 spell: Shroud of Golubria
  6806 | D:6      | Reached skill level 1 in Charms
  6861 | D:6      | Got a faintly glowing long sword
  6866 | D:6      | Identified the cursed +3 long sword of Extremism {flame, Str+6 Int-4} (You found it on level 6 of the Dungeon)
  7173 | D:6      | Killed Edmund
  7562 | D:6      | Reached XP level 9. HP: 35/45 MP: 0/23
  7892 | D:6      | Found a runed door.
  8001 | D:6      | You fall through a shaft for 2 floors!
  8003 | D:8      | Noticed Grum
  8204 | D:6      | Noticed Crazy Yiuf
  8207 | D:6      | Killed Crazy Yiuf
  8207 | D:6      | Reached skill level 11 in Conjurations
  8255 | D:6      | Reached skill level 5 in Dodging
  8705 | D:7      | Reached *** piety under Sif Muna
  9552 | D:7      | Learned a level 3 spell: Spider Form
  9730 | D:8      | Noticed Pikel
  9952 | D:8      | Reached skill level 1 in Transmutations
  9952 | D:8      | Killed Grum
 10188 | D:8      | Killed Pikel
 10188 | D:8      | Reached skill level 10 in Spellcasting
 10188 | D:8      | Reached XP level 10. HP: 50/50 MP: 1/26
 10359 | D:8      | Noticed Gastronok
 10540 | D:7      | Killed Gastronok
 10540 | D:7      | Reached **** piety under Sif Muna
 10540 | D:7      | Reached skill level 12 in Conjurations
 11235 | D:8      | Reached skill level 5 in Transmutations
 11596 | D:9      | Noticed a two-headed ogre
 11783 | D:9      | Noticed theanonym's ghost (journeyman GrBe)
 11905 | D:9      | Noticed a two-headed ogre
 11914 | D:9      | Killed a two-headed ogre
 11914 | D:9      | Reached XP level 11. HP: 54/54 MP: 4/27
 12028 | D:8      | Reached skill level 5 in Stealth
 12188 | D:8      | Learned a level 5 spell: Fireball
 12222 | D:9      | Reached ***** piety under Sif Muna
 12542 | D:9      | Killed a two-headed ogre
 12542 | D:9      | Identified Iskenderun's Compendium of Nocuous Attacks (Sif Muna gifted it to you on level 9 of the Dungeon)
 12542 | D:9      | Received a gift from Sif Muna
 12661 | D:9      | Killed theanonym's ghost
 12661 | D:9      | Reached skill level 13 in Conjurations
 12816 | D:9      | Noticed Psyche
 12820 | D:9      | Killed Psyche
 13957 | D:10     | Entered Level 10 of the Dungeon
 14070 | D:10     | Reached skill level 5 in Fire Magic
 14347 | D:10     | Noticed a deep elf mage
 14349 | D:10     | Killed a deep elf mage
 14486 | D:10     | Found a staircase to the Orcish Mines.
 14505 | D:10     | Found a roughly hewn altar of Beogh.
 14699 | D:10     | Found a flagged portal.
 14712 | Bailey   | Entered a bailey
 15581 | D:10     | HP: 2/54 [something (5)]
 15598 | D:10     | Found an iron altar of Okawaru.
 15682 | D:10     | Received a gift from Sif Muna
 16230 | D:10     | Killed an unseen horror
 16383 | D:10     | Found a blossoming altar of Fedhas.
 16400 | D:10     | Noticed an oklob plant
 16500 | D:10     | Splashed by an oklob plant's acid

Vault maps used:
D:1:      kennysheep_arrival_forest
D:3:      grunt_decor_clamped, uniq_grinder
D:4:      uniq_duvessa
D:5:      temple_fountains, serial_shops, shop, first_bread,
          serial_bayou_lagoon_a, uniq_blork_the_orc
D:6:      lemuel_crystal_altar, uniq_crazy_yiuf_cottage, uniq_edmund
D:8:      grunt_livestock, uniq_prince_ribbit1, uniq_pikel, uniq_gastronok,
          uniq_grum
D:9:      uniq_psyche
D:10:     minmay_orc_entry_temple_small, lightli_bailey_entry_fortress,
          basic_altar, tgw_fedhas
Temple:   nicolae_temple_the_god_donut
Bailey:   bailey_axe_4, bailey

Skill      XL: |  1  2  3  4  5  6  7  8  9 10 11 |
---------------+----------------------------------+-----
Conjurations   | 5 6 7 8 9 10 11 12 13 | 13.6
Spellcasting   | 4 5 6 7 8 10 12 | 12.2
Charms         | 3 4 |  4.2
Dodging        | 4 7 8 |  8.5
Transmutations | 2 5 |  5.7
Stealth        | 4 5 |  5.0
Fire Magic     | 7 |  7.1

Action                   |  1- 3 |  4- 6 |  7- 9 | 10-12 || total
-------------------------+-------+-------+-------+-------++-------
Melee: Unarmed           |     1 |       |       |     4 ||     5
       Trident           |       |     9 |       |       ||     9
       Dagger            |       |    10 |    46 |   120 ||   176
       Long sword        |       |       |     1 |       ||     1
 Cast: Magic Dart        |    78 |   126 |   192 |   297 ||   693
       Dazzling Spray    |       |     4 |    41 |    10 ||    55
       Iskenderun's Myst |       |    11 |    85 |   127 ||   223
       Spider Form       |       |       |       |     4 ||     4
       Shroud of Golubri |       |       |       |     1 ||     1
       Fireball          |       |       |       |    26 ||    26
Invok: Divine Energy     |       |       |     1 |       ||     1
  Use: Scroll            |       |    11 |     7 |     6 ||    24
       Potion            |       |       |     2 |     4 ||     6
 Stab: Invisible         |       |       |     1 |       ||     1
  Eat: Chunk             |     3 |    10 |    15 |    21 ||    49
       Bread ration      |       |       |     1 |       ||     1
       Fruit             |       |       |     3 |     2 ||     5
Armor: Robe              |     1 |    10 |    30 |    40 ||    81
Dodge: Dodged            |    14 |    33 |   159 |   249 ||   455

Table legend:
 A = Spawn XP
 B = Non-spawn XP
 C = Spawn XP percentage of total XP
 D = Spawn monster count
 E = Non-spawn monster count
 F = Spawn count percentage of total count
 G = Total turns spent on level
                    A         B        C        D         E        F      G
               +---------+---------+-------+---------+---------+-------+---------
         Total |       0 |   20615 |   0.0 |       0 |     318 |   0.0 | 16500
               +---------+---------+-------+---------+---------+-------+---------
           D:1 |       0 |      49 |   0.0 |       0 |      27 |   0.0 |  1385
           D:2 |       0 |      61 |   0.0 |       0 |      19 |   0.0 |   791
           D:3 |       0 |     472 |   0.0 |       0 |      30 |   0.0 |  1622
           D:4 |       0 |     849 |   0.0 |       0 |      16 |   0.0 |  1400
           D:5 |       0 |     429 |   0.0 |       0 |      23 |   0.0 |  1616
           D:6 |       0 |    1584 |   0.0 |       0 |      35 |   0.0 |  1607
           D:7 |       0 |    3513 |   0.0 |       0 |      28 |   0.0 |  1943
           D:8 |       0 |    2861 |   0.0 |       0 |      27 |   0.0 |  2082
           D:9 |       0 |    5901 |   0.0 |       0 |      38 |   0.0 |  1724
          D:10 |       0 |    4165 |   0.0 |       0 |      48 |   0.0 |  1468
        Bailey |       0 |     731 |   0.0 |       0 |      27 |   0.0 |   850
               +---------+---------+-------+---------+---------+-------+---------
